 Dungeon Crawl Stone Soup version 0.16.1-29-g3e760ad (webtiles) character file.

2311 Krapule the Fighter (level 9, -8/82 HPs)
             Began as a Minotaur Hunter on June 10, 2015.
             Mangled by a hill giant
             ... wielding a +0 giant spiked club
              (34 damage)
             ... on level 7 of the Dungeon on June 11, 2015.
             The game lasted 00:30:15 (7657 turns).

Krapule the Fighter (Minotaur Hunter)               Turns: 7657, Time: 00:30:15

Health: -8/82      AC: 23    Str: 17    XL:     9   Next: 18%
Magic:  4/4        EV:  4    Int:  8    God:
Gold:   214        SH:  0    Dex: 14    Spells: 0 memorised, 8 levels left

rFire  . . .     SeeInvis .     a - +0 long sword (elec)
rCold  . . .     Clarity  .     g - +2 crystal plate armour
rNeg   . . .     SustAb   .     (no shield)
rPois  +         Gourm    .     (helmet restricted)
rElec  .         Spirit   .     y - +1 cloak
rCorr  .         Warding  .     (no gloves)
rMut   .         Stasis   +     (no boots)
MR     .....                    G - amulet of stasis
Stlth  ..........               H - ring of wizardry
                                n - ring of poison resistance

@: not resistant to hostile enchantments, extremely unstealthy
A: retaliatory headbutt, horns 2
a: no special abilities


You were on level 7 of the Dungeon.
You were not hungry.

You visited 2 branches of the dungeon, and saw 8 of its levels.

You collected 214 gold pieces.

Inventory:

Hand weapons
 a - a +0 long sword of electrocution (weapon)
 b - a +1 shortbow
 t - a +0 short sword
Missiles
 c - 154 arrows
Armour
 g - a +2 crystal plate armour (worn)
 w - a +1 chain mail of cold resistance
 y - a +1 cloak (worn)
Jewellery
 n - a ring of poison resistance (left hand)
 G - an amulet of stasis (around neck)
 H - a ring of wizardry (right hand)
 I - an uncursed ring of positive energy {unknown}
Magical devices
 j - a wand of random effects (30)
 B - a wand of disintegration (11)
Scrolls
 e - 15 scrolls of identify
 k - a scroll of teleportation
 s - 2 scrolls of enchant armour {unknown}
 v - 3 scrolls of noise {unknown}
 x - 2 scrolls of recharging {unknown}
 A - a scroll of enchant weapon {unknown}
 J - a scroll of remove curse
 K - a scroll of acquirement
Potions
 i - 2 potions of curing {unknown}
 l - 4 potions of heal wounds
 m - a potion of resistance {unknown}
 o - a potion of haste {unknown}
 q - a potion of magic {unknown}
 r - a potion of cancellation {unknown}
 u - a potion of restore abilities {unknown}
 z - 3 potions of mutation {unknown}
 D - a potion of brilliance {unknown}
 F - a potion of agility {unknown}
 L - a potion of ambrosia {unknown}
Comestibles
 d - 4 beef jerkies
 f - 8 bread rations
 h - 4 meat rations
 p - 11 slices of pizza
 C - a royal jelly
 E - 6 fruits


   Skills:
 + Level 8.9 Fighting
 - Level 5.0 Bows
 + Level 8.1 Armour
 + Level 7.7 Dodging
 - Level 1.0 Stealth


You had 8 spell levels left.
You didn't know any spells.

Dungeon Overview and Level Annotations

Branches:
Dungeon (7/15)             Temple (1/1) D:5

Altars:
Ashenzari
Dithmenos
Elyvilon
Fedhas
Gozag
Kikubaaqudgha
Makhleb
Nemelex Xobeh
Qazlal
Sif Muna
Trog
Vehumet
Xom
Yredelemnul
Zin
The Shining One

Shops:
D:6 *

Annotations:
D:4 DrClinical's ghost, average OpAs
D:7 4 runed doors, exclusion: ice statue


Innate Abilities, Weirdness & Mutations

You reflexively headbutt those who attack you in melee.
You have a pair of horns on your head.


Message History

You kill the adder!
You slash the hill giant!
The hill giant is lightly wounded.
The hill giant hits you with a giant spiked club!!
Your crystal plate armour prevents you from hitting the hill giant.
You headbutt the hill giant!
The hill giant is moderately wounded.
The hill giant hits you with a giant spiked club.
You hit the hill giant.
You headbutt the hill giant, but do no damage.
The hill giant is moderately wounded.
The hill giant hits you but does no damage.
Your crystal plate armour prevents you from hitting the hill giant.
The hill giant is moderately wounded.
The hill giant hits you with a giant spiked club!!
* * * LOW HITPOINT WARNING * * *
There is an open door here.
You see here a falchion.
The hill giant hits you with a giant spiked club!!
You die...

#.### #......#####..#####..##
....#######..##...# #...##..###
.......#.>..####..######.....##
#...........# ##...#.......##
#.......##..# ##..........#
##.....###..# #..........#
###....###..# ##.........#
........#...######..........# #
#...##..........@...........#
#.
#...###........C.<..........#
..
#....###......................
. #....###..#.........##......#
......##.....######.......##
..#.......#.##....##......#
..#.....###)#.####)#.#....##
#...........#..#.#.#.......#
##...##++##.'.#.##.#.......##


You could see a hill giant.

Vanquished Creatures
  A human (D:7)
  A hungry ghost (D:7)
  A black bear (D:7)
  A necrophage (D:6)
  2 ogres
  2 orc warriors
  2 sky beasts
  A centaur (D:5)
  Sigmund (D:5)
  2 giant frogs (D:7)
  A gnoll sergeant (D:7)
  A crimson imp (D:5)
  2 goliath beetles (D:7)
  3 orc priests
  2 hounds
  A jelly (D:7)
  3 iguanas
  A giant frog zombie (D:7)
  4 orc wizards
  2 worker ants
  4 sheep (D:7)
  A hound skeleton (D:4)
  8 adders
  8 gnolls
  5 giant mites
  5 worms
  An adder zombie (D:7)
  An ooze (D:2)
  24 orcs
  13 bats
  2 bat skeletons (D:4)
  A bat zombie (D:5)
  5 giant cockroaches
  10 goblins
  6 hobgoblins
  9 jackals
  5 quokkas
  6 giant geckos
  3 giant newts
  A giant spore (D:7)
  9 kobolds
  8 rats
  4 ballistomycetes
173 creatures vanquished.

Vanquished Creatures (others)
  A giant spore (D:6)
1 creature vanquished.

Grand Total: 174 creatures vanquished

Notes
Turn   | Place    | Note
--------------------------------------------------------------
     0 | D:1      | Krapule, the Minotaur Hunter, began the quest for the Orb.
     0 | D:1      | Reached XP level 1. HP: 18/18 MP: 1/1
   330 | D:1      | Reached XP level 2. HP: 19/25 MP: 1/1
   740 | D:1      | Reached skill level 1 in Armour
   832 | D:2      | Reached skill level 1 in Stealth
   832 | D:2      | Reached XP level 3. HP: 14/31 MP: 2/2
  2054 | D:2      | Reached XP level 4. HP: 28/38 MP: 2/2
  2632 | D:3      | Found a burning altar of Makhleb.
  2959 | D:3      | Reached skill level 5 in Bows
  2960 | D:3      | Found a deep blue altar of Sif Muna.
  3209 | D:5      | Entered Level 5 of the Dungeon
  3214 | D:4      | Found a radiant altar of Vehumet.
  3214 | D:4      | Found a white marble altar of Elyvilon.
  3440 | D:5      | Noticed a sky beast
  3477 | D:4      | Reached XP level 5. HP: 39/46 MP: 2/2
  3712 | D:4      | Noticed DrClinical's ghost (average OpAs)
  3820 | D:5      | Found a staircase to the Ecumenical Temple.
  3829 | Temple   | Entered the Ecumenical Temple
  3905 | D:5      | Noticed an ogre
  4013 | D:3      | Reached XP level 6. HP: 45/53 MP: 3/3
  4175 | D:4      | Noticed an ogre
  4185 | D:4      | Killed an ogre
  4185 | D:4      | Reached skill level 5 in Fighting
  4341 | D:4      | Noticed a necrophage
  4442 | D:5      | Noticed a centaur
  4451 | D:5      | Killed a centaur
  4558 | D:5      | Noticed Sigmund
  4588 | D:5      | Killed Sigmund
  4588 | D:5      | Reached skill level 5 in Dodging
  4588 | D:5      | Reached XP level 7. HP: 49/61 MP: 3/3
  4757 | D:5      | Killed a sky beast
  4757 | D:5      | Reached skill level 5 in Armour
  4790 | D:5      | Reached skill level 6 in Fighting
  5098 | D:5      | Found an ancient bone altar of Kikubaaqudgha.
  5346 | D:6      | Identified a scroll of acquirement
  5676 | D:6      | Reached XP level 8. HP: 49/71 MP: 3/3
  5745 | D:6      | Found a glowing silver altar of Zin.
  5801 | D:6      | Found Cuteosuc's General Store.
  6058 | D:6      | Reached skill level 7 in Fighting
  6913 | D:7      | Reached skill level 8 in Fighting
  7306 | D:7      | Found a large runed door.
  7306 | D:7      | Found a large runed door.
  7325 | D:7      | Found a large runed door.
  7334 | D:7      | Found a large runed door.
  7349 | D:7      | Reached XP level 9. HP: 82/82 MP: 4/4
  7471 | D:7      | Noticed an ice statue
  7637 | D:7      | Noticed a hill giant
  7657 | D:7      | Mangled by a hill giant

Action                   |  1- 3 |  4- 6 |  7- 9 || total
-------------------------+-------+-------+-------++-------
Melee: Short sword       |   118 |   171 |       ||   289
       Long sword        |       |    19 |   316 ||   335
 Fire: Shortbow          |     5 |    21 |    32 ||    58
  Use: Scroll            |       |     7 |     2 ||     9
  Eat: Chunk             |     3 |     9 |    10 ||    22
